 Dungeon Crawl Stone Soup version 0.21.0 (webtiles) character file.

1004 Cecky the Caller (level 8, -1/60 HPs)
             Began as a Merfolk Summoner on Jan 7, 2018.
             Was an Initiate of Sif Muna.
             Slain by Joseph
             ... wielding a +0 quarterstaff
              (9 damage)
             ... on level 7 of the Dungeon on Jan 8, 2018.
             The game lasted 00:35:11 (8768 turns).

Cecky the Caller (Merfolk Summoner)                 Turns: 8768, Time: 00:35:12

Health: -1/60      AC:  8    Str: 13    XL:     8   Next: 20%
Magic:  11/11      EV: 14    Int: 16    God:    Sif Muna [......]
Gold:   349        SH:  0    Dex: 15    Spells: 1/11 levels left

rFire    . . .     SeeInvis .   a - +0 short sword (venom)
rCold    . . .     Gourm    .   (no shield)
rNeg     . . .     Faith    .   f - +0 robe
rPois    .         Spirit   .   o - +0 helmet
rElec    .         Reflect  .   r - +0 cloak
rCorr    .         Harm     .   s - +0 pair of gloves
MR       .....                  p - +2 pair of boots
Stlth    ++........             (no amulet)
HPRegen  0.20/turn              (no ring)
MPRegen  0.12/turn              (no ring)

@: mighty, flying
A: change form in water, swift swim, stealthy swim
a: Renounce Religion


You were on level 7 of the Dungeon.
You worshipped Sif Muna.
Sif Muna was noncommittal.
You were not hungry.

You visited 2 branches of the dungeon, and saw 8 of its levels.

You collected 349 gold pieces.

Inventory:

Hand Weapons
 a - a +0 short sword of venom (weapon)
Armour
 f - a +0 robe (worn)
 o - a +0 helmet (worn)
 p - a +2 pair of boots (worn)
 r - a +0 cloak (worn)
 s - a +0 pair of gloves (worn)
Magical Staves
 b - an uncursed staff of power
Jewellery
 i - an uncursed ring of protection from cold {unknown}
 m - an uncursed ring of protection from cold {unknown}
 n - an uncursed amulet of the gourmand
 A - a cursed ring of wizardry {unknown}
 D - an uncursed ring of protection from cold {unknown}
Wands
 v - a wand of iceblast (10)
Scrolls
 d - 2 scrolls of teleportation
 e - 2 scrolls of fear {unknown}
 j - a scroll of amnesia
 l - 3 scrolls of remove curse
 w - 2 scrolls of fog
 x - a scroll of enchant weapon {unknown}
Potions
 g - a potion of lignification
 h - 2 potions of degeneration {unknown}
 k - a potion of might
 q - 3 potions of curing
 u - 2 potions of brilliance {unknown}
 z - a potion of ambrosia {unknown}
 B - 5 potions of agility
 C - 2 potions of flight
Books
 t - Sif Muna's Incunabulum of the Blistering Frostbite
   (You found it on level 6 of the Dungeon)

   Spells                             Type                      Level
   a - Throw Frost                    Conjuration/Ice              2
   b - Ignite Poison                  Fire/Transmutation/Poison    3
   c - Ring of Flames                 Charms/Fire                  7
   d - Ignition                       Fire                         8
 y - a book of Callings

   Spells                             Type                      Level
   a - Summon Small Mammal            Summoning                    1
   b - Call Imp                       Summoning                    2
   c - Call Canine Familiar           Summoning                    3
   d - Summon Guardian Golem          Hexes/Summoning              3
   e - Summon Lightning Spire         Summoning/Air                4
   f - Summon Ice Beast               Ice/Summoning                4
Comestibles
 c - 2 rations


   Skills:
 + Level 3.9 Fighting
 - Level 2.2 Short Blades
 + Level 0.3 Staves
 - Level 3.7 Dodging
 - Level 2.1 Stealth
 - Level 2.0 Spellcasting
 - Level 7.0 Summonings
 * Level 4.3 Ice Magic
 - Level 2.2 Air Magic


You had one spell level left.
You knew the following spells:

 Your Spells              Type           Power        Failure   Level  Hunger
a - Summon Ice Beast      Ice/Summ       ###.....     21%         4    #####..
b - Call Imp              Summ           ###.....     1%          2    ###....
c - Summon Lightning Spi  Summ/Air       ###.....     30%         4    #####..


Dungeon Overview and Level Annotations

Branches:
Dungeon (7/15)             Temple (1/1) D:6

Altars:
Dithmenos
Fedhas
Hepliaklqana
Kikubaaqudgha
Makhleb
Sif Muna
Trog
Vehumet

Annotations:
D:6 8fpsbossfight's ghost, novice TrHu
D:7 Joseph


Message History

You fly up into the air.
The leopard gecko skeleton bites you.
* * * LOW HITPOINT WARNING * * *
Your shadow imp hits the leopard gecko skeleton.
The leopard gecko skeleton is destroyed!
Sif Muna accepts your kill.
Joseph shouts, "Wow!"
Joseph unwields an uncursed hunting sling.
Joseph wields an uncursed quarterstaff.
Joseph closely misses you.
It was a potion of might.
You feel very mighty all of a sudden.
Your crimson imp hits Joseph.
Your shadow imp hits Joseph but does no damage.
Joseph hits you with an uncursed quarterstaff.
* * * LOW HITPOINT WARNING * * *
You closely miss Joseph.
Joseph is moderately wounded.
Your crimson imp hits Joseph.
Your shadow imp closely misses Joseph.
Your crimson imp blinks!
Joseph hits you with an uncursed quarterstaff!
You die...

### #.# #.# ###.. #.#
.... #.# #... #.#
####... #.#
#......###############.#
#......#5..............#
#.....>#@###############
#.@5.# #..5(# #8...#
#....# .....# ......#
<..#..## .#.##...


You could see Joseph, a friendly lightning spire, 2 friendly crimson imps and a
friendly shadow imp.

Vanquished Creatures
  Eustachio (D:6)
  An orc warrior (D:6)
  A howler monkey (D:5)
  An orc priest (D:5)
  An orc wizard (D:6)
  A worker ant (D:4)
  5 gnolls
  An adder (D:6)
  A shadow imp (D:5)
  An ooze (D:2)
  An adder skeleton (D:5)
  4 worms
  2 leopard geckos
  7 orcs
  2 bats (D:1)
  2 giant cockroaches
  7 goblins
  A hobgoblin (D:1)
  4 jackals
  5 kobolds
  A quokka (D:2)
  A frilled lizard (D:4)
  A leopard gecko skeleton (D:6)
  6 rats
58 creatures vanquished.

Vanquished Creatures (collateral kills)
  Menkaure (D:7)
  A water moccasin (D:7)
  An ice beast (D:5)
  An ogre (D:4)
  A scorpion (D:4)
  A jelly (D:6)
  A howler monkey (D:6)
  A crimson imp (D:6)
  A hound (D:5)
  An orc priest (D:3)
  4 orc wizards
  A gnoll shaman (D:4)
  A bullfrog skeleton (D:7)
  Jessica (D:3)
  Terence (D:3)
  A worker ant (D:4)
  An iguana (D:2)
  Robin (D:3)
  4 gnolls
  3 adders
  A howler monkey skeleton (D:4)
  An ooze (D:2)
  2 adder zombies
  An adder skeleton (D:4)
  A leopard gecko (D:1)
  13 orcs
  A giant cockroach (D:1)
  7 goblins
  9 hobgoblins
  7 jackals
  A quokka (D:5)
  A ball python (D:1)
  3 bats
  4 frilled lizards
  5 kobolds
  A leopard gecko skeleton (D:7)
  3 rats
89 creatures vanquished.

Grand Total: 147 creatures vanquished

Notes
Turn   | Place    | Note
-------+----------+-------------------------------------------
     0 | D:1      | Cecky the Merfolk Summoner began the quest for the Orb.
     0 | D:1      | Reached XP level 1. HP: 13/13 MP: 3/3
   177 | D:1      | Reached XP level 2. HP: 4/19 MP: 1/5
  1203 | D:1      | Reached XP level 3. HP: 24/24 MP: 3/6
  1207 | D:1      | Learned a level 2 spell: Call Imp
  1314 | D:1      | Reached skill level 1 in Short Blades
  1674 | D:2      | Found a burning altar of Makhleb.
  1864 | D:2      | Found a radiant altar of Vehumet.
  2191 | D:2      | Reached skill level 5 in Summonings
  2191 | D:2      | Reached XP level 4. HP: 28/31 MP: 7/7
  2871 | D:3      | Noticed a moth of wrath
  2874 | D:3      | Found a bloodstained altar of Trog.
  3102 | D:3      | Noticed Terence
  3114 | D:3      | Killed Terence
  3114 | D:3      | Reached XP level 5. HP: 36/36 MP: 3/8
  3186 | D:3      | Noticed Jessica
  3197 | D:3      | Killed Jessica
  3208 | D:3      | Noticed Robin
  3213 | D:3      | Killed Robin
  3258 | D:3      | Reached skill level 1 in Fighting
  3373 | D:3      | Learned a level 4 spell: Summon Lightning Spire
  3426 | D:3      | Found a blossoming altar of Fedhas.
  3835 | D:4      | Reached skill level 6 in Summonings
  4072 | D:4      | Reached XP level 6. HP: 43/43 MP: 4/9
  4591 | D:4      | Reached skill level 1 in Air Magic
  5047 | D:5      | Entered Level 5 of the Dungeon
  5328 | D:5      | Reached skill level 7 in Summonings
  5328 | D:5      | Reached XP level 7. HP: 48/48 MP: 10/10
  6591 | D:6      | Learned a level 4 spell: Summon Ice Beast
  6870 | D:6      | Noticed 8fpsbossfight's ghost (novice TrHu)
  6899 | D:6      | Reached skill level 1 in Ice Magic
  7359 | D:6      | Identified Sif Muna's Incunabulum of the Blistering Frostbite
  7703 | D:6      | Found a staircase to the Ecumenical Temple.
  7710 | Temple   | Entered the Ecumenical Temple
  7741 | Temple   | Became a worshipper of Sif Muna the Loreminder
  7829 | D:6      | Noticed Eustachio
  8004 | D:6      | Killed Eustachio
  8004 | D:6      | Reached XP level 8. HP: 46/58 MP: 11/11
  8372 | D:7      | Found a hazy altar of Hepliaklqana.
  8403 | D:7      | Noticed Menkaure
  8418 | D:7      | Killed Menkaure
  8752 | D:7      | Noticed Joseph
  8768 | D:7      | Slain by Joseph

Skill      XL: |  1  2  3  4  5  6  7  8 |
---------------+-------------------------+-----
Dodging        | 3 |  3.7
Short Blades   | 1 2 |  2.2
Summonings     | 5 6 7 |  7.0
Fighting       | 1 3 |  3.9
Air Magic      | 1 2 |  2.2
Ice Magic      | 3 4 |  4.3
Staves         | |  0.3
Stealth        | |  2.1
Spellcasting   | |  2.0

Action                   |  1- 3 |  4- 6 |  7- 9 || total
-------------------------+-------+-------+-------++-------
Melee: Dagger            |    51 |       |       ||    51
       Short sword       |    21 |   128 |    81 ||   230
       Staff             |       |       |    21 ||    21
 Cast: Summon Small Mamm |    30 |     1 |       ||    31
       Call Imp          |    10 |    50 |    35 ||    95
       Summon Lightning  |       |     1 |     2 ||     3
       Summon Ice Beast  |       |       |     7 ||     7
  Use: Scroll            |     3 |       |     9 ||    12
       Potion            |       |       |     2 ||     2
 Stab: Sleeping          |     2 |       |       ||     2
       Distracted        |     1 |     1 |     1 ||     3
  Eat: Chunk             |     5 |    14 |     6 ||    25
       Ration            |       |       |     3 ||     3
Armor: Robe              |    18 |    37 |    33 ||    88
Dodge: Dodged            |    62 |    93 |    98 ||   253
